Map: Polka LE

Players

qqq - Winner!

  • Race: Zerg Zerg
  • Spawn Location: 5:00

Massa - Winner!

  • Race: Terran Terran
  • League: Platinum
  • Spawn Location: 5:00

Xibalbaa

  • Race: Terran Terran
  • League: Diamond
  • Spawn Location: 11:00

Zolano

  • Race: Protoss Protoss
  • League: Diamond
  • Spawn Location: 11:00

VOD

Have the link to the VOD?

Description

Time

  • Played on: Oct. 19, 2020, 11:46 a.m.
  • Length: 16:56
Show
View Real Time Build Order
Export as new Build Order

qqq Zerg - Winner!

Build Orders: Hatch First, Lurkers 

Get SALT Encoding   

  12  0:04  Drone  
  13  0:08  Drone  
  14  0:35  Hatchery  
  13  0:46  Drone  
  14  0:55  Spawning Pool  
  13  1:04  Drone  
  14  1:11  Overlord  
  14  1:18  Extractor, Drone  
  14  1:30  Drone  
  14  1:31  Drone  
  16  1:37  Drone  
  17  1:43  Queen  
  19  1:49  Queen  
  22  1:54  Drone  
  22  1:58  Drone  
  23  2:27  Drone x3  
  26  2:33  Drone, Zergling x2  
  26  2:34  Drone  
  28  2:44  Overlord  
  28  2:45  Overlord  
  28  3:01  Metabolic Boost  
  28  3:05  Zergling x2  
  28  3:06  Overlord  
  28  3:08  Drone  
  30  3:18  Zergling x4  
  32  3:20  Drone x4  
  36  3:36  Zergling x2  
  37  3:42  Drone x2  
  37  3:44  Overlord  
  37  3:45  Zergling x4  
  37  3:47  Lair  
  41  3:51  Hatchery  
  38  3:56  Zergling x2  
  38  3:57  Queen  
  36  4:13  Drone x6  
  36  4:14  Zergling x2  
  42  4:30  Drone x3  
  45  4:34  Extractor  
  45  4:35  Extractor x2  
  39  4:46  Zergling x2  
  39  4:50  Drone  
  39  4:51  Zergling x4  
  43  4:53  Drone x3  
  46  5:00  Zergling x2  
  46  5:03  Pneumatized Carapace  
  46  5:05  Overseer  
  47  5:17  Drone x4  
  47  5:18  Drone x2, Hatchery  
  47  5:20  Zergling x2, Overlord  
  53  5:22  Zergling x2  
  54  5:30  Hydralisk Den  
  53  5:38  Spore Crawler  
  53  5:41  Spore Crawler  
  51  5:44  Spore Crawler  
  50  5:52  Drone x2, Spire  
  50  5:53  Drone  
  50  5:54  Zergling x2  
  50  5:55  Drone  
  54  5:57  Drone  
  54  6:03  Drone x2  
  54  6:04  Drone x2  
  58  6:08  Drone  
  60  6:25  Muscular Augments  
  60  6:30  Drone x4, Lurker Den  
  60  6:31  Drone x2  
  65  6:38  Hydralisk x4  
  73  6:47  Hydralisk x2  
  73  6:49  Drone  
  73  6:50  Drone  
  75  7:01  Drone  
  75  7:02  Drone x2  
  78  7:27  Overlord x5  
  78  7:28  Overlord  
  78  7:29  Drone  
  79  7:37  Grooved Spines, Zerg Flyer Weapons Level 1  
  79  7:45  Queen, Corruptor x3  
  79  7:46  Corruptor  
  79  7:48  Drone  
  79  7:50  Drone  
  91  7:57  Hatchery, Infestation Pit  
  89  8:00  Spore Crawler  
  89  8:01  Drone x3  
  89  8:02  Drone x2  
  93  8:07  Queen  
  95  8:13  Hydralisk x2  
  95  8:16  Corruptor  
  101  8:26  Corruptor  
  101  8:27  Hydralisk x3  
  101  8:31  Lurker  
  101  8:32  Lurker  
  111  8:39  Spine Crawler x2, Spore Crawler  
  108  8:45  Mutalisk x2  
  108  8:47  Zergling x4  
  108  8:48  Drone x4  
  117  8:49  Drone  
  116  9:37  Drone x2  
  116  9:38  Drone x4  
  122  9:40  Corruptor x4  
  128  9:53  Hatchery  
  128  9:56  Evolution Chamber  
  128  9:57  Hatchery  
  125  10:00  Evolution Chamber  
  125  10:04  Hatchery  
  123  10:09  Drone x4  
  123  10:11  Overlord x5  
  127  10:17  Zerg Flyer Armor Level 1  
  127  10:20  Hatchery  
  126  10:29  Extractor  
  126  10:30  Extractor  
  126  10:32  Corruptor x4  
  126  10:35  Corruptor  
  132  10:40  Corruptor  
  136  10:46  Corruptor  
  136  10:47  Mutalisk  
  136  10:48  Overlord  
  134  11:03  Corruptor  
  129  11:24  Corruptor x3  
  123  11:27  Drone x4  
  123  11:28  Drone x6  
  123  11:29  Drone x6  
  123  11:32  Extractor  
  138  11:33  Extractor  
  137  11:40  Extractor  
  137  11:42  Drone  
  137  11:43  Extractor  
  137  11:44  Spore Crawler  
  135  11:47  Spore Crawler  
  135  11:48  Drone x2, Spine Crawler  
  135  11:49  Spine Crawler  
  135  11:51  Corruptor x3  
  135  11:52  Corruptor  
  142  12:05  Corruptor x2  
  117  12:35  Corruptor x5  
  120  12:37  Drone x5  
  120  12:38  Drone x3  
  128  12:45  Drone x4  
  128  12:46  Hydralisk x3  
  137  12:56  Corruptor x2  
  137  12:58  Drone x4  
  141  13:04  Zergling x8  
  141  13:05  Zergling x8  
  150  13:12  Spine Crawler  
  150  13:13  Spine Crawler  
  147  13:24  Hydralisk x2  
  147  13:25  Hydralisk x5  
  147  13:26  Hydralisk x2  
  147  13:58  Lurker x3  
  147  13:59  Lurker x2  
  152  14:04  Hatchery  
  152  14:09  Extractor  
  150  14:14  Extractor  
  149  14:21  Drone x5  
  149  14:22  Drone  
  155  14:30  Zerg Melee Weapons Level 1  
  155  14:31  Zerg Missile Weapons Level 1  
  155  14:32  Hive  
  155  14:33  Zerg Flyer Weapons Level 2  
  155  14:45  Hatchery  
  154  14:58  Spine Crawler  
  154  14:59  Spine Crawler  
  152  15:00  Spore Crawler  
  151  15:12  Mutalisk x3  
  151  15:13  Hydralisk x6  
  166  15:18  Lurker  
  166  15:19  Lurker  
  168  15:31  Drone x4  
  154  15:44  Spine Crawler  
  154  15:46  Spine Crawler  
  154  15:47  Spine Crawler, Spore Crawler  
  147  15:53  Seismic Spines  
  147  15:54  Hydralisk x4  
  147  15:55  Hydralisk x4  
  135  16:45  Lurker  
Show
View Real Time Build Order
Export as new Build Order

Massa Terran - Winner!

Build Orders:  

Get SALT Encoding   

  12  0:00  SCV  
  13  0:12  SCV  
  14  0:24  SCV, Supply Depot  
  15  0:35  Refinery  
  15  0:45  SCV  
  15  0:47  Barracks  
  16  0:57  SCV  
  17  1:10  SCV  
  18  1:22  SCV  
  19  1:34  SCV  
  19  1:36  Reaper  
  21  1:40  Supply Depot  
  21  1:50  Orbital Command  
  21  1:55  Supply Depot  
  21  2:08  Marine  
  22  2:16  Factory  
  22  2:21  Command Center  
  22  2:29  Marine  
  23  2:44  SCV  
  24  2:56  SCV  
  24  2:58  Supply Depot  
  25  3:07  Barracks Reactor  
  25  3:09  SCV  
  26  3:16  Factory Reactor  
  26  3:17  Barracks Reactor  
  26  3:21  SCV, Supply Depot  
  26  3:22  Command Center  
  27  3:28  Starport  
  27  3:32  Refinery  
  27  3:54  Marine x2  
  33  3:55  Hellion x2  
  33  4:13  Marine x2  
  39  4:17  Hellion x2, Medivac  
  41  4:25  Engineering Bay  
  41  4:34  Marine  
  46  4:38  Hellion x2  
  46  4:42  Orbital Command  
  46  4:46  SCV  
  46  4:48  SCV  
  46  4:52  Marine  
  53  5:00  Widow Mine x2  
  53  5:01  Marine  
  54  5:12  Marine  
  54  5:14  Orbital Command, SCV  
  55  5:19  Marine  
  57  5:22  Missile Turret  
  57  5:29  Marine  
  48  6:38  SCV x3  
  48  6:50  SCV x2  
  48  6:51  SCV  
  48  6:54  Missile Turret x2  
  45  7:02  SCV  
  45  7:03  SCV x2  
  45  7:05  Missile Turret  
  45  7:08  Missile Turret  
  48  7:16  Terran Infantry Weapons Level 1  
  48  7:21  Armory  
  48  7:24  Missile Turret  
  48  7:25  Missile Turret  
  48  7:31  Marine x2  
  48  7:33  Barracks  
  48  7:35  Factory Tech Lab  
  50  7:37  Liberator  
  50  7:40  SCV x3, Barracks  
  56  7:46  Missile Turret  
  56  7:49  Marine x2  
  58  7:52  SCV x3  
  61  8:04  SCV x3  
  67  8:06  Marine  
  67  8:09  Thor  
  70  8:20  Medivac  
  70  8:21  Refinery  
  72  8:28  Barracks Tech Lab  
  69  8:48  Marauder, Marine x4  
  73  8:50  Medivac  
  73  8:52  Siege Tank  
  80  9:06  Marine x4  
  84  9:23  Marine  
  85  9:29  Stimpack  
  85  9:39  Orbital Command  
  85  9:41  Barracks  
  85  9:46  Barracks  
  85  9:49  Refinery  
  85  9:59  Supply Depot  
  85  10:01  Supply Depot x3  
  85  10:03  Supply Depot  
  85  10:21  SCV, Marauder, Marine x2, Siege Tank  
  93  10:22  SCV, Marine x2  
  96  10:33  SCV  
  96  10:34  SCV, Barracks Tech Lab  
  98  10:37  Barracks Tech Lab  
  98  10:38  Marine x2  
  98  10:40  Marine x2  
  101  10:42  Starport Reactor  
  101  10:43  Marauder  
  101  10:45  SCV, Terran Vehicle Weapons Level 1  
  101  10:46  Terran Infantry Armor Level 1  
  101  10:47  SCV  
  101  10:49  Engineering Bay  
  103  10:53  Thor  
  103  10:54  Armory  
  103  10:56  Marine  
  110  10:57  SCV, Supply Depot  
  110  10:58  SCV, Marine x2, Supply Depot  
  110  10:59  SCV, Supply Depot  
  110  11:01  Smart Servos, Supply Depot x2  
  117  11:04  Marauder  
  117  11:06  Marauder  
  117  11:07  Marauder  
  117  11:09  SCV, Combat Shield  
  117  11:11  SCV x2  
  124  11:12  Concussive Shells  
  124  11:21  SCV, Supply Depot  
  124  11:23  SCV x2  
  124  11:25  Marauder, Supply Depot  
  129  11:31  Marauder x2  
  133  11:34  SCV  
  133  11:35  SCV  
  133  11:36  Thor  
  141  11:40  Terran Infantry Weapons Level 2  
  143  11:47  Armory, Marauder  
  143  11:52  Marauder x2  
  149  12:08  Marauder  
  149  12:13  Marauder x2  
  134  13:04  Marauder x3  
  134  13:05  Marine x4  
  116  13:22  Marine  
  116  13:23  Marine x3  
  116  13:25  Marauder  
  116  13:26  Marauder x2  
  119  13:40  Marine, Thor  
  119  13:41  Marine x3  
  127  13:42  Medivac  
  127  13:47  Refinery, Marauder x3  
  136  13:51  Refinery  
  136  13:58  Marine  
  129  14:08  Marauder x2  
  129  14:09  Marauder  
  114  14:11  Command Center  
  114  14:23  Thor  
  120  14:25  Marine x3  
  120  14:26  Marine  
  120  14:29  Marauder  
  120  14:30  Marauder x2, Medivac  
  120  14:31  Medivac  
  134  14:32  Command Center  
  134  14:39  Command Center  
  134  14:42  Supply Depot  
  134  14:43  Marine x3  
  134  14:44  Marine, Supply Depot  
  134  14:45  Supply Depot x2  
  138  14:46  Supply Depot  
  138  14:51  Marauder x3  
  144  14:54  SCV  
  144  14:55  SCV x2  
  147  15:00  Marine, Medivac  
  147  15:01  Marine x3  
  147  15:06  SCV, Thor  
  160  15:07  SCV x2  
  160  15:08  Supply Depot  
  160  15:09  Supply Depot  
  160  15:10  Supply Depot  
  160  15:11  Supply Depot x2  
  160  15:12  Marauder, Marine  
  160  15:13  Marauder  
  160  15:14  Medivac  
  169  15:18  Marine  
  169  15:19  Marine x3  
  173  15:30  Medivac  
  173  15:31  Marauder  
  173  15:34  Marauder x2  
  181  15:36  Supply Depot  
  181  15:37  Supply Depot  
  181  15:44  Medivac  
Show
View Real Time Build Order
Export as new Build Order

Xibalbaa Terran 

Build Orders:  

Get SALT Encoding   

  12  0:00  SCV  
  13  0:14  SCV  
  13  0:18  Supply Depot  
  14  0:26  SCV  
  15  0:32  Refinery  
  15  0:40  SCV  
  16  0:52  Barracks  
  16  0:59  Barracks  
  16  1:03  SCV  
  17  1:15  SCV  
  18  1:25  Supply Depot  
  18  1:27  SCV  
  19  1:40  Reaper  
  21  1:47  Orbital Command  
  21  1:48  Reaper  
  21  2:05  Refinery  
  21  2:12  Reaper  
  21  2:14  SCV  
  22  2:20  Reaper  
  23  2:22  Supply Depot  
  23  2:27  SCV  
  24  2:39  SCV  
  25  2:44  Reaper  
  26  2:52  Reaper  
  26  2:53  SCV  
  28  2:58  Command Center  
  28  3:05  SCV  
  29  3:10  Supply Depot  
  29  3:16  Reaper  
  29  3:19  SCV  
  31  3:24  Reaper  
  31  3:25  Factory  
  32  3:32  SCV  
  33  3:44  SCV  
  32  4:06  Reaper x2  
  33  4:11  SCV  
  33  4:12  Orbital Command  
  31  4:21  Factory Reactor  
  31  4:22  Starport, Barracks  
  31  4:23  SCV  
  31  4:24  Barracks  
  30  4:38  Reaper  
  31  4:47  SCV  
  31  4:50  Barracks Reactor  
  32  4:55  Supply Depot  
  32  4:56  SCV  
  32  4:59  SCV  
  34  5:04  Widow Mine x2  
  34  5:05  Medivac  
  40  5:08  SCV  
  40  5:11  Barracks Tech Lab x2, SCV  
  42  5:17  Barracks Tech Lab  
  42  5:18  Engineering Bay  
  42  5:20  SCV  
  43  5:23  SCV  
  43  5:26  Refinery  
  44  5:33  SCV  
  44  5:34  Refinery  
  45  5:36  Stimpack  
  41  5:50  Marauder, Marine x2  
  44  6:06  Marine x2  
  44  6:07  Medivac x2  
  44  6:08  Marine x2  
  52  6:14  SCV x2  
  54  6:23  Marine  
  54  6:24  Marine x2  
  57  6:26  SCV  
  57  6:27  SCV  
  59  6:34  Marine x2  
  59  6:38  SCV  
  59  6:39  SCV  
  63  6:50  SCV  
  63  6:53  Marine x2  
  63  6:54  Marauder, Marine x2, Concussive Shells, Combat Shield  
  69  7:00  Medivac  
  70  7:05  SCV x2  
  72  7:11  Engineering Bay  
  72  7:15  Marine x2  
  72  7:16  Marauder, Marine x2  
  78  7:22  Command Center  
  78  7:25  Supply Depot  
  78  7:39  Sensor Tower  
  78  7:41  Terran Infantry Weapons Level 1  
  78  7:46  SCV x2, Marine x4, Missile Turret  
  84  7:59  SCV x2  
  86  8:11  Terran Infantry Armor Level 1  
  86  8:12  Supply Depot  
  86  8:15  Marine x4, Missile Turret  
  86  8:16  Marauder  
  92  8:24  Medivac  
  94  8:34  Marauder x2, Marine, Medivac  
  94  8:38  Command Center  
  94  8:39  Marauder, Marine  
  104  8:44  Barracks  
  104  8:50  Barracks  
  104  8:52  Marine  
  104  8:53  Barracks  
  104  8:56  Marauder  
  104  9:00  Marauder, Marine x2  
  110  9:09  Marine  
  95  9:17  Marine  
  86  9:18  Marine  
  81  9:31  Starport  
  81  9:33  Starport x2  
  81  9:47  Planetary Fortress  
  81  9:49  SCV x2  
  81  9:59  Marine x5  
  86  10:01  SCV x2  
  86  10:04  Fusion Core  
  88  10:12  Starport Reactor  
  88  10:13  Starport Reactor  
  88  10:14  Starport Reactor  
  88  10:16  Marine  
  88  10:17  Marine x4  
  88  10:20  SCV x2  
  95  10:34  Marine x2  
  95  10:35  Marine x3  
  100  10:47  Refinery  
  100  10:48  Refinery  
  100  10:52  Marine x3  
  100  10:53  Marine x2  
  105  11:10  Marine  
  106  11:11  Viking  
  106  11:12  Viking x4  
  116  11:30  Marine  
  117  11:35  Marine x4, Viking x2, Supply Depot  
  117  11:37  Supply Depot  
  125  11:42  Factory Tech Lab  
  125  11:56  Marine x3, Viking  
  125  11:57  Marine  
  125  11:58  Marine  
  125  12:00  Supply Depot  
  132  12:13  Medivac x3  
  132  12:14  Marine  
  139  12:23  Medivac x4  
  139  12:26  Medivac  
  116  12:40  Marine  
  116  12:41  Marauder x2, Marine  
  116  12:42  Marauder  
  116  12:43  Medivac  
  122  12:57  Medivac x3  
  126  12:58  Marine x2  
  126  13:03  Marauder x2  
  133  13:13  Marauder  
  133  13:16  Marine x2  
  127  13:24  Marauder x2  
  114  13:34  Marauder, Marine  
  108  13:46  Marauder x2  
  109  13:53  Barracks x2  
  109  13:55  Marauder, Marine x2  
  108  14:07  Marauder x2  
  105  14:12  Marine  
  98  14:17  Marauder, Marine  
  98  14:20  Viking x4  
  98  14:21  Viking x3  
  113  14:28  Marauder, Marine  
  113  14:30  Marine  
  117  14:35  Armory, Marine  
  117  14:37  Marine, Supply Depot  
  119  14:39  SCV  
  119  14:44  Barracks Reactor  
  120  14:49  Barracks Reactor  
  120  14:51  SCV  
  121  15:03  SCV  
  122  15:09  Marine x5  
  127  15:16  SCV, Missile Turret  
  127  15:17  Missile Turret  
  127  15:18  Missile Turret  
  127  15:20  Missile Turret  
  128  15:21  Sensor Tower, Command Center  
  128  15:26  Marine x3  
  128  15:27  Marine x6  
  137  15:29  Sensor Tower  
  135  15:44  Marine x4  
  135  15:45  Marauder x2  
  135  15:48  Missile Turret  
  100  16:14  Marauder x3, Marine x3  
  100  16:15  Marine  
  94  16:20  Marine x2  
  84  16:32  Marine x3  
  80  16:35  Marauder  
  80  16:38  Marine x4  
Show
View Real Time Build Order
Export as new Build Order

Zolano Protoss 

Build Orders: Phoenix Opening 

Get SALT Encoding   

  12  0:00  Probe  
  13  0:12  Probe  
  14  0:20  Pylon  
  14  0:28  Probe  
  15  0:31  Assimilator  
  15  0:40  Probe  
  16  0:45  Gateway  
  16  0:54  Probe  
  17  1:06  Probe  
  17  1:10  Pylon  
  18  1:18  Probe  
  18  1:21  Assimilator  
  19  1:31  Probe  
  20  1:33  Cybernetics Core  
  20  1:43  Probe (Chrono Boost)  
  21  1:53  Probe (Chrono Boost)  
  22  2:01  Nexus  
  22  2:06  Warp Gate (Chrono Boost)  
  22  2:07  Probe  
  23  2:21  Stargate  
  23  2:25  Pylon  
  23  2:28  Probe  
  24  2:40  Probe  
  25  2:49  Pylon  
  25  2:54  Probe  
  26  3:02  Gateway  
  26  3:03  Gateway  
  26  3:08  Probe  
  27  3:12  Phoenix  
  27  3:18  Probe  
  30  3:24  Probe  
  31  3:30  Probe  
  32  3:37  Phoenix  
  32  3:39  Probe  
  35  3:42  Probe  
  36  3:50  Protoss Air Weapons Level 1 (Chrono Boost)  
  36  3:51  Probe  
  36  3:54  Probe  
  38  3:58  Shield Battery  
  38  3:59  Shield Battery  
  38  4:03  Probe (Chrono Boost)  
  38  4:05  Phoenix  
  38  4:07  Probe (Chrono Boost)  
  42  4:13  Assimilator  
  42  4:15  Probe (Chrono Boost)  
  44  4:18  Probe (Chrono Boost), Assimilator  
  44  4:21  Zealot  
  46  4:27  Sentry x2  
  50  4:49  Phoenix  
  52  4:54  Probe (Chrono Boost)  
  52  4:55  Fleet Beacon  
  52  4:59  Probe (Chrono Boost)  
  54  5:01  Pylon  
  54  5:03  Probe (Chrono Boost)  
  56  5:07  Probe (Chrono Boost)  
  56  5:08  Probe (Chrono Boost)  
  57  5:18  Probe, Forge  
  57  5:20  Robotics Facility  
  57  5:21  Pylon  
  58  5:29  Probe  
  59  5:40  Tempest  
  64  5:49  Stalker x3  
  70  6:06  Probe x2  
  68  6:17  Stalker  
  68  6:18  Probe (Chrono Boost), Stalker x2  
  68  6:26  Tempest  
  68  6:27  Probe (Chrono Boost)  
  68  6:30  Probe (Chrono Boost)  
  74  6:36  Stargate  
  74  6:38  Probe (Chrono Boost)  
  74  6:39  Probe (Chrono Boost)  
  76  7:05  Observer  
  77  7:11  Unknown  
  77  7:19  Probe  
  78  7:41  Pylon  
  78  7:43  Pylon, Protoss Air Weapons Level 2 (Chrono Boost)  
  78  7:44  Pylon  
  78  7:46  Photon Cannon  
  78  7:49  Photon Cannon  
  78  7:54  Photon Cannon  
  78  7:55  Photon Cannon  
  78  7:58  Tempest  
  78  7:59  Probe (Chrono Boost)  
  78  8:01  Tempest  
  78  8:03  Probe (Chrono Boost), Stargate  
  78  8:05  Nexus  
  90  8:07  Pylon  
  90  8:10  Probe (Chrono Boost)  
  90  8:11  Pylon  
  92  8:13  Probe (Chrono Boost)  
  92  8:14  Probe (Chrono Boost)  
  93  8:23  Probe  
  93  8:25  Probe  
  93  8:41  Protoss Shields Level 1 (Chrono Boost)  
  93  8:49  Tempest x2  
  93  8:50  Tempest  
  108  8:59  Assimilator  
  108  9:03  Assimilator  
  108  9:07  Photon Cannon  
  108  9:09  Photon Cannon  
  108  9:10  Photon Cannon  
  108  9:12  Pylon  
  108  9:26  Probe  
  109  9:36  Probe, Shield Battery  
  109  9:37  Probe  
  111  9:39  Probe, Shield Battery  
  111  9:40  Shield Battery  
  111  9:42  Shield Battery  
  112  9:48  Probe, Carrier  
  112  9:49  Probe  
  120  9:59  Carrier  
  126  10:03  Protoss Air Armor Level 1 (Chrono Boost)  
  126  10:06  Probe  
  127  10:08  Pylon x2  
  127  10:18  Tempest  
  132  10:26  Pylon  
  132  10:28  Pylon  
  132  10:30  Twilight Council  
  132  10:32  Forge  
  132  10:35  Cybernetics Core  
  118  11:22  Tempest x3  
  128  11:30  Shield Battery  
  128  11:31  Shield Battery  
  128  11:33  Probe x2, Shield Battery  
  128  11:34  Probe, Shield Battery  
  128  11:36  Shield Battery  
  128  11:37  Shield Battery  
  131  11:45  Probe x2  
  133  11:47  Nexus  
  133  11:51  Assimilator  
  133  11:53  Assimilator  
  133  11:54  Protoss Shields Level 2  
  133  11:56  Pylon  
  131  12:04  Templar Archives  
  131  12:13  Protoss Air Armor Level 2 (Chrono Boost)  
  88  12:41  Carrier (Chrono Boost)  
  99  12:44  Zealot  
  99  12:45  Zealot x2  
  99  12:47  Carrier x2 (Chrono Boost)  
  71  13:13  Protoss Ground Weapons Level 1  
  71  13:18  Psionic Storm  
  71  13:25  Probe x3  
  74  13:29  Protoss Air Weapons Level 3 (Chrono Boost)  
  74  13:34  Pylon  
  74  13:39  Photon Cannon  
  73  13:42  Photon Cannon  
  57  14:04  Tempest (Chrono Boost)  
  57  14:05  Stalker x2  
  57  14:06  Stalker  
  68  14:11  Tempest (Chrono Boost)  
  73  14:25  Probe (Chrono Boost)  
  74  14:35  Probe (Chrono Boost)  
  74  14:36  Dark Shrine  
  75  14:40  Probe (Chrono Boost)  
  76  14:51  Probe  
  77  15:02  Nexus  
  77  15:03  Probe  
  78  15:09  High Templar x2  
  78  15:10  High Templar  
  84  15:23  Assimilator  
  84  15:27  Tempest  
  84  15:28  Tempest  
  94  15:52  Photon Cannon  
  94  15:54  Photon Cannon  
  94  15:56  Photon Cannon  
  66  15:57  Photon Cannon  
  66  16:00  High Templar x3  
  49  16:36  Stalker x3  
Tags
 
Add a new tag
Caveats
  • Supply blocks, unpowered buildings, or Contaminate may cause inaccurate times.
  • Supply counts are checked every 10 seconds.